 Dungeon Crawl Stone Soup version 0.18.1-48-g4cf74bf (webtiles) character file.

175 tyranidshit the Skirmisher (level 5, 8/46 HPs)
             Began as a Demonspawn Abyssal Knight on Sept 10, 2016.
             Was a Priest of Lugonu.
             Quit the game on level 3 of the Dungeon.
             The game lasted 00:04:45 (1324 turns).

tyranidshit the Skirmisher (DsAK)                   Turns: 1324, Time: 00:04:46

Health: 8/46       AC: 10    Str: 13    XL:     5   Next: 29%
Magic:  6/6        EV: 10    Int: 13    God:    Lugonu [***...]
Gold:   200        SH:  0    Dex: 12    Spells: 0 memorised, 4 levels left

rFire  . . .     SeeInvis +     a - +2 hand axe
rCold  . . .     Gourm    .     e - +0 ring mail
rNeg   . . .     Faith    .     (no shield)
rPois  .         Spirit   .     o - +0 helmet {SInv}
rElec  .         Dismiss  .     (no cloak)
rCorr  .         Reflect  .     (no gloves)
SustAt .         Harm     .     (no boots)
MR     .....                    m - amulet of rage
Stlth  +.........               (no ring)
                                j - ring of wizardry

@: lethally poisoned (8 -> 0), not resistant to hostile enchantments, very
unstealthy
A: talons 2, rough black scales 1, powered by pain 1
a: Depart the Abyss, Bend Space, Banish, Renounce Religion, Evoke Berserk Rage


You were on level 3 of the Dungeon.
You worshipped Lugonu.
Lugonu was most pleased with you.
You were not hungry.

You visited 1 branch of the dungeon, and saw 3 of its levels.
You visited the Abyss 1 time.

You collected 200 gold pieces.

Inventory:

Hand Weapons
 a - a +2 hand axe (weapon)
Armour
 b - a +0 leather armour
 e - a +0 ring mail (worn)
 f - a +0 ring mail
 l - a +0 helmet
 o - a +0 helmet of see invisible (worn)
Magical Staves
 d - an uncursed staff of cold
Jewellery
 j - a ring of wizardry (left hand)
 m - an amulet of rage (around neck)
Scrolls
 g - a scroll of enchant weapon
 h - 2 scrolls of identify
 i - a scroll of magic mapping
Comestibles
 c - 4 bread rations
 k - a slice of pizza


   Skills:
 + Level 6.0 Fighting
 - Level 1.7 Axes
 - Level 1.7 Armour
 - Level 0.8 Dodging
 - Level 2.4 Invocations


You had 4 spell levels left.
You didn't know any spells.

Dungeon Overview and Level Annotations

Branches:
Dungeon (3/15)

Altars:
Pakellas

Annotations:
D:3 Sigmund, Terence


Innate Abilities, Weirdness & Mutations

You have razor-sharp toenails.
You are partially covered in rough black scales (AC +4, Dex -1).
You sometimes gain a little power by taking damage.


Message History

The killer bee stings you but does no damage.
Terence the Incautious comes into view.
He is wielding a mace.
Terence shouts!
You hit Sigmund.
Sigmund is moderately wounded.
You hit the killer bee.
The killer bee is moderately wounded.
You hit the orc.
The orc is moderately wounded.
The killer bee stings you!
* * * LOW HITPOINT WARNING * * *
You are poisoned.
The killer bee poisons you! Sigmund hits you but does no damage.
The killer bee barely misses you. The orc hits you.
* * * LOW HITPOINT WARNING * * *
The killer bee closely misses you.
A killer bee comes into view.
Read which item? (? for menu, Esc to quit)
Okay, then.
Are you sure you want to abandon this character and quit the game? (Confirm with "yes".)

..... ..y.# ..@# .y# ..
#.# #####..
...####o#####......
.......o.......#
#..yoy...##.#
#...##@###..).####
......g@######....#
#[#....b...###.##.######
#.....l...)..##......#
#........##...........
#........####.########
.......... #.##
##.......... #..##
##..######


You could see Sigmund (invisible), Terence, 4 killer bees, 3 orcs, a goblin, a
bat and a giant newt.

Vanquished Creatures
  Jessica (D:2)
  Robin (D:2)
  4 gnolls (D:2)
  4 adders (D:2)
  A ball python (D:2)
  7 bats
  3 giant cockroaches
  13 goblins
  8 hobgoblins
  8 jackals (D:2)
  5 kobolds
  2 quokkas
  A giant newt (D:1)
  4 rats
62 creatures vanquished.

Notes
Turn   | Place    | Note
--------------------------------------------------------------
     0 | Abyss:1  | tyranidshit the Demonspawn Abyssal Knight began the quest for the Orb.
     0 | Abyss:1  | Reached XP level 1. HP: 18/18 MP: 2/2
   111 | Abyss:2  | Noticed an alligator zombie
   118 | D:1      | Escaped the Abyss
   351 | D:1      | Gained mutation: You are partially covered in rough black scales (AC +4, Dex -1). [demonic ancestry]
   351 | D:1      | Reached XP level 2. HP: 8/24 MP: 3/3
   723 | D:1      | Reached skill level 4 in Fighting
   791 | D:2      | Noticed Jessica
   798 | D:2      | Killed Jessica
   798 | D:2      | Reached ** piety under Lugonu
   798 | D:2      | Gained mutation: You have sharp toenails. [demonic ancestry]
   798 | D:2      | Reached XP level 3. HP: 25/31 MP: 4/4
   864 | D:2      | Noticed Robin
   873 | D:2      | Gained mutation: You sometimes gain a little power by taking damage. [demonic ancestry]
   873 | D:2      | Reached XP level 4. HP: 30/38 MP: 5/5
   874 | D:2      | Reached skill level 5 in Fighting
   881 | D:2      | Killed Robin
   882 | D:2      | Found an oddly glowing altar of Pakellas.
  1169 | D:2      | Gained mutation: You have razor-sharp toenails. [demonic ancestry]
  1169 | D:2      | Reached XP level 5. HP: 27/46 MP: 6/6
  1173 | D:2      | Reached *** piety under Lugonu
  1188 | D:2      | Reached skill level 6 in Fighting
  1317 | D:3      | Noticed Sigmund
  1323 | D:3      | Noticed Terence
  1324 | D:3      | Quit the game

Skill      XL: |  1  2  3  4  5 |
---------------+----------------+-----
Fighting       | 4 5 6 |  6.0
Axes           | |  1.7
Armour         | |  1.7
Dodging        | |  0.8
Invocations    | |  2.4

Action                   |  1- 3 |  4- 6 || total
-------------------------+-------+-------++-------
Melee: Hand axe          |    75 |    85 ||   160
       Staff             |    12 |       ||    12
       Kick              |     1 |    15 ||    16
  Use: Scroll            |     2 |     2 ||     4
       Potion            |     1 |     6 ||     7
  Eat: Bread ration      |       |     1 ||     1
Armor: Ring mail         |    55 |    66 ||   121
Dodge: Dodged            |    58 |    88 ||   146
